 Dungeon Crawl Stone Soup version 0.30-a0-777-ga9a30cbeda (webtiles) character file.

Game seed: 7458233729095382897

52 mopl the Gusty (level 3, -4/26 HPs)
             Began as a Draconian Air Elementalist on Feb 14, 2023.
             Killed from afar by a steam dragon (16 damage)
             ... with a ball of steam
             ... on level 3 of the Dungeon.
             The game lasted 00:01:37 (1672 turns).

mopl the Gusty (Draconian Air Elementalist)         Turns: 1672, Time: 00:01:37

Health: -4/26      AC:  6    Str: 10    XL:     3   Next: 60%
Magic:  2/6        EV: 12    Int: 17    God:
Gold:   152        SH:  0    Dex: 11    Spells: 1/7 levels left

rFire   . . .      SeeInvis .    e - +1 dagger (venom)
rCold   . . .      Faith    .    (no shield)
rNeg    . . .      Spirit   .    (body armour unavailable)
rPois   .          Reflect  .    (helmet restricted)
rElec   .          Harm     .    m - +0 cloak
rCorr   .          Rampage  .    (no gloves)
Will    .....                    (no boots)
Stlth   ++                       (no amulet)
HPRegen 0.24/turn                (no ring)
MPRegen 0.10/turn                (no ring)

@: no status effects
A: AC +5, unfitting armour, cold-blooded
a: no special abilities


You were on level 3 of the Dungeon.
You visited 1 branch of the dungeon, and saw 3 of its levels.

You collected 152 gold pieces.

Inventory:

Hand Weapons
 e - a +1 dagger of venom (weapon)
Armour
 m - a +0 cloak (worn)
Scrolls
 f - 2 scrolls of identify {unknown}
 i - a scroll of noise {unknown}
 l - a scroll of magic mapping {unknown}
 o - a scroll of blinking {unknown}
 q - a scroll of enchant armour {unknown}
Potions
 a - a potion of magic
 b - a potion of berserk rage {unknown}
 c - 2 potions of might {unknown}
 d - 4 potions of curing {unknown}
 g - a potion of degeneration {unknown}
 h - a potion of attraction {unknown}
 j - a potion of lignification {unknown}
 k - 2 potions of ambrosia {unknown}
 n - a potion of flight {unknown}
 p - a potion of haste {unknown}


   Skills:
 - Level 1.7 Dodging
 - Level 1.7 Stealth
 + Level 2.6 Spellcasting
 + Level 2.1 Conjurations
 + Level 3.6 Air Magic


You had one spell level left.
You knew the following spells:

 Your Spells              Type           Power      Damage    Failure   Level
a - Shock                 Conj/Air       48%        1d6       5%          1
b - Static Discharge      Conj/Air       24%        2-3/arc   9%          2
n - Swiftness             Air            14%        N/A       12%         3

Your spell library contained the following spells:

 Spells                   Type           Power      Damage    Failure   Level
 Airstrike                Air            7%         2d(1-17)  38%         4


Dungeon Overview and Level Annotations

Branches:
Dungeon (3/15)

Altars:


Innate Abilities, Weirdness & Mutations

Your plain brown scales are hard. (AC +5)
You cannot fit into any form of body armour.
You are cold-blooded and may be slowed by cold attacks.


Message History

The steam dragon is lightly wounded.
The steam dragon breathes steam at you. The ball of steam hits you!
You can't see any susceptible monsters within range! (Use Z to cast anyway.)
You can't see any susceptible monsters within range! (Use Z to cast anyway.)
You can't see any susceptible monsters within range! (Use Z to cast anyway.)
You aren't carrying any items that you can evoke.
Okay, then.
Casting: Shock (safe; 5% risk of failure)
Confirm with . or Enter, or press ? or * to list all spells.
Aiming: Shock (safe; 5% risk of failure)
Press: ? - help, Shift-Dir - straight line, f/p - steam dragon
Aim: a steam dragon (lightly wounded, 68% to hit)
The zap hits the steam dragon.
The steam dragon is moderately wounded.
Unknown command.
Casting: Shock (safe; 5% risk of failure)
Confirm with . or Enter, or press ? or * to list all spells.
Aiming: Shock (safe; 5% risk of failure)
Press: ? - help, Shift-Dir - straight line, f/p - steam dragon
Aim: a steam dragon (moderately wounded, 68% to hit)
The zap hits the steam dragon.
The steam dragon is moderately wounded.
The zap hits the steam dragon.
The steam dragon is moderately wounded.
Unknown command.
You hit the steam dragon.
The steam dragon is poisoned.
You tail-slap the steam dragon, but do no damage.
The steam dragon is heavily wounded.
The steam dragon bites you. The steam dragon closely misses you.
You closely miss the steam dragon. You tail-slap the steam dragon.
The steam dragon is heavily wounded.
The steam dragon barely misses you. x2
You hit the steam dragon but do no damage.
The steam dragon looks as sick as possible!
The steam dragon is heavily wounded.
The steam dragon breathes steam at you. The ball of steam hits you!
Ouch! That really hurt!
You die...

# ### . ..# # #.
#.# ##.#.# #.#
......##.####
#.#<.D@....#
#.......##.####
.....######.##.##
#### #.#.#.##
#..###.## ##.##
##.## #.## ##.#
##.## ##.##
##.###.##


You could see a steam dragon (extremely poisoned, catching breath).

Vanquished Creatures
  A dart slug (D:1)
  4 ball pythons
  4 bats (D:1)
  5 endoplasms
  A giant cockroach (D:1)
  8 goblins
  8 hobgoblins
  3 quokkas (D:2)
  4 frilled lizards
  3 kobolds
  2 rats
43 creatures vanquished.

Notes
Turn   | Place    | Note
-------+----------+-------------------------------------------
     0 | D:1      | mopl the Draconian Air Elementalist began the quest for the
                  | Orb.
     0 | D:1      | Reached XP level 1. HP: 14/14 MP: 3/3
   338 | D:1      | Reached XP level 2. HP: 13/20 MP: 5/5
   341 | D:1      | Learned a level 2 spell: Static Discharge
   517 | D:1      | Reached XP level 3. HP: 26/26 MP: 3/6
   521 | D:1      | Learned a level 3 spell: Swiftness
   620 | D:1      | Reached skill level 2 in Conjurations
  1663 | D:3      | Noticed a steam dragon
  1672 | D:3      | Killed from afar by a steam dragon

Illustrated notes

Levels and vault maps discovered:
D:1:      minmay_arrival_wavy_path, layout_basic,
          amcnicky_mini_corridor_feature, nicolae_concentric_dashed_squares_wild
D:2:      layout_basic
D:3:      layout_loops_cross

Skill      XL: |  1  2  3 |
---------------+----------+-----
Conjurations   | 2 |  2.1
Dodging        | |  1.7
Stealth        | |  1.7
Spellcasting   | |  2.6
Air Magic      | |  3.6

Action                     || total
---------------------------++-------
  Melee: Dagger            ||    60
         Tailslap          ||    17
   Cast: Shock             ||    38
 Armour: Skin              ||    23
  Dodge: Dodged            ||    33

Table legend: (Time is in decaauts)
 A = Elapsed time spent in this place.
 B = Non-inter-level travel time spent in this place.
 C = Inter-level travel time spent in this place.
 D = Time resting spent in this place.
 E = Time spent auto-exploring this place.
 F = Levels seen in this place.
 G = Mean time per level.
                   A        B        C        D        E       F      G
               +--------+--------+--------+--------+--------+-----+--------+
         Total |   1670 |   1619 |     51 |      0 |   1373 |   3 |  556.7 |
       Dungeon |   1670 |   1619 |     51 |      0 |   1373 |   3 |  556.7 |
               +--------+--------+--------+--------+--------+-----+--------+

Top non-repeatable levels by time:
     D:1: 786 daAuts
     D:2: 730 daAuts
     D:3: 153 daAuts
